 Dungeon Crawl Stone Soup version 0.14-a0-1863-gcc20582 (webtiles) character file.

13253 Mitsuki the Spear-Bearer (level 12, -12/78 HPs)
             Began as a Formicid Fighter on Jan 12, 2014.
             Was a Believer of the Shining One.
             Shot with a poisoned arrow of flame by Nessos (41 damage)
             ... on Level 11 of the Dungeon on Jan 13, 2014.
             The game lasted 01:10:25 (11440 turns).

Mitsuki the Spear-Bearer (Formicid Fighter)        Turns: 11440, Time: 01:10:26

HP -12/78        AC 23     Str 26      XL: 12   Next: 53%
MP  24/25        EV  5     Int 10      God: the Shining One [**....]
Gold 539         SH 39     Dex 10      Spells:  0 memorised, 11 levels left

rFire  . . .     SeeInvis +     l - +2,+3 trident
rCold  . . .     Clarity  .     w - +0 orc plate armour
rNeg   + . .     Conserve .     c - +0 shield
rPois  x         rCorr    .     (helmet unavailable)
rElec  +         rRot     .     m - +1 orc cloak
SustAb . .       Spirit   .     r - +2 pair of gloves
rMut   .         Warding  .     h - +1 pair of dwarf boots
Saprov . . .     Stasis   +     (no amulet)
MR     +....                    (no ring)
                                (no ring)

@: extremely poisoned, glowing, somewhat resistant to hostile enchantments,
extremely unstealthy
A: permanent stasis, dig shafts and tunnels, four strong arms, poison weakness,
antennae 3, clever 1, electricity resistance, wild magic 3, exoskeleton 1
a: Dig, Shaft Self, Divine Shield, Renounce Religion


You were on level 11 of the Dungeon.
You worshipped the Shining One.
The Shining One was pleased with you.
You were hungry.

You visited 2 branches of the dungeon, and saw 12 of its levels.
You also visited: Sewer and Ossuary.

You collected 539 gold pieces.

Inventory:

Hand weapons
 l - a +2,+3 trident (weapon)
Armour
 c - a +0 shield (worn)
 h - a +1 pair of dwarven boots (worn)
 m - a +1 orcish cloak (worn)
 r - a +2 pair of gloves (worn)
 w - a +0 orcish plate armour (worn)
Magical devices
 a - a wand of digging (6)
 i - a wand of lightning (5)
 B - a wand of lightning (3)
 G - a wand of paralysis (0)
 J - a wand of enslavement (14)
Comestibles
 b - a choko
 d - 9 bread rations
 p - 3 meat rations
 s - a lychee
Scrolls
 g - a scroll of noise
 j - 4 scrolls of enchant weapon II
 n - 10 scrolls of identify
 o - 2 scrolls of fog
 q - a scroll of fear
 x - a scroll of magic mapping
 D - a scroll of remove curse
Jewellery
 C - an uncursed amulet of warding
 F - an uncursed amulet of resist mutation
 I - an uncursed ring of regeneration {unknown}
Potions
 e - 5 potions of curing
 f - 3 potions of cure mutation
 k - a potion of invisibility
 t - 3 potions of flight
 u - 2 potions of heal wounds
 A - 4 potions of brilliance
 E - a potion of resistance {unknown}
Books
 z - a book of the Earth

   Spells                             Type                      Level
   Dig                                Earth                        4
   Leda's Liquefaction                Hexes/Earth                  4
   Bolt of Magma                      Conjuration/Fire/Earth       5
   Statue Form                        Transmutation/Earth          6
   Iron Shot                          Conjuration/Earth            6
   Shatter                            Earth                        9


   Skills:
 + Level 7.9 Fighting
 + Level 10.7 Polearms
 + Level 9.0 Armour
 + Level 9.2 Shields
 - Level 10.0 Invocations
 - Level 0.5 Evocations


You had 11 spell levels left.
You didn't know any spells.

Dungeon Overview and Level Annotations

Branches:
Dungeon (11/16)            Temple (1/1) D:4             Orc (0/4) D:10
   Lair (0/8) D:8

Altars:
Ashenzari
Elyvilon
Fedhas
Kikubaaqudgha
Makhleb
Nemelex Xobeh
Sif Muna
Trog
Vehumet
Xom
Zin
the Shining One

Shops:
D:9 (   D:10 [

Annotations:
D:11 Nessos


Innate Abilities, Weirdness & Mutations

Your are under a permanent stasis effect.
You can dig through walls and to a lower floor.
Your four strong arms can wield any weapon, most with a shield.
You are susceptible to poison.
You have a pair of large antennae on your head (SInv).
Your body is surrounded by an exoskeleton. (HP +5, AC +1)
Your mind is acute. (Int +2)
You are resistant to electric shocks.
Your spells are much harder to cast, but much more powerful.


Message History

The poisoned arrow of flame hits you!
One of your 5 scrolls of enchant weapon II catches fire!
One of your 2 scrolls of remove curse catches fire!
You are more poisoned.
Nessos shoots a poisoned arrow of flame.
The poisoned arrow of flame hits you!
You are more poisoned.
* * * LOW HITPOINT WARNING * * *
You see here 2 poisoned arrows.
Drink which item? (? for menu, Esc to quit)
You feel much better.
You feel extremely sick.
Nessos shoots a poisoned arrow of flame.
The poisoned arrow of flame misses you.
Nessos blinks!
You feel sick.
Nessos shoots a poisoned arrow of flame.
The poisoned arrow of flame hits you!
You are more poisoned.
Ouch! That really hurt!
You die...

#......######### .
#.................
#.....#.######.....
#.....#.# .g....
#+###(....#.# .......
..........#.# .......
..........#.# .......
.........#(######...ยง....
...........@..(((........
#########...(.######.....
#.....# . #.....# #.....#
#.....# #.....# #.....#
#..c..#


You could see Nessos.

Vanquished Creatures
  Maurice (D:9)
  Pikel (D:9)
  Joseph (D:7)
  An elephant (D:8)
  A feature mimic (D:11)
  A yaktaur (D:10)
  4 trolls
  A spriggan (D:7)
  A queen bee (D:10)
  A two-headed ogre (D:9)
  A wraith (D:11)
  2 hungry ghosts
  11 yaks
  A necrophage (D:10)
  2 manticores
  3 orc warriors
  A sky beast (D:9)
  2 phantoms (D:10)
  2 ice beasts
  4 ogres
  A giant goldfish (D:7)
  4 centaurs
  Duvessa (D:5)
  11 big kobolds
  A crocodile (D:8)
  2 wargs (D:11)
  An agate snail (D:8)
  4 giant frogs
  An elf skeleton (D:4)
  2 jellyfish (D:7)
  7 wights
  19 killer bees
  3 electric eels (D:7)
  Dowan (D:5)
  9 crimson imps
  6 goliath beetles
  2 human zombies (D:4)
  A centaur skeleton (D:9)
  3 orc priests
  5 centaur zombies (Ossuary)
  A giant frog skeleton (D:6)
  A jelly (D:10)
  2 big fish
  10 orc wizards
  3 worker ants
  2 hounds (D:6)
  3 human skeletons (D:4)
  3 scorpions
  A sheep (D:8)
  An ogre zombie (D:7)
  3 hound zombies (Ossuary)
  3 mummies (Ossuary)
  A worker ant zombie (D:10)
  2 giant centipedes
  A green rat (Sewer)
  12 adders
  2 giant mites (D:3)
  2 worms
  An adder zombie (Ossuary)
  An iguana skeleton (D:4)
  An adder skeleton (D:6)
  4 giant eyeballs
  15 giant geckos
  31 orcs
  14 bats
  A bat skeleton (D:6)
  9 giant cockroaches
  A grey rat (Sewer)
  19 hobgoblins
  10 jackals
  20 kobolds
  2 ball pythons
  6 giant newts
  4 giant spores
  A gnoll zombie (Ossuary)
  16 goblins
  5 goblin zombies (Ossuary)
  2 hobgoblin skeletons
  5 jackal zombies (Ossuary)
  5 kobold zombies (Ossuary)
  An orc zombie (Ossuary)
  4 quokkas
  20 rats
  5 rat zombies (Ossuary)
  5 ballistomycetes
  3 plants (D:10)
390 creatures vanquished.

Vanquished Creatures (others)
  3 slaves (D:9)
  A crimson imp (D:6)
  A scorpion (D:9)
  A kobold (D:9)
  A giant gecko (D:6)
  A rat (D:9)
  A fungus (D:9)
9 creatures vanquished.

Grand Total: 399 creatures vanquished

Notes
Turn   | Place    | Note
--------------------------------------------------------------
     0 | D:1      | Mitsuki, the Formicid Fighter, began the quest for the Orb.
     0 | D:1      | Reached XP level 1. HP: 19/19 MP: 1/1
    99 | D:1      | Reached XP level 2. HP: 21/24 MP: 2/2
   405 | D:1      | Reached XP level 3. HP: 24/28 MP: 3/3
   641 | D:2      | Reached skill level 4 in Armour
   806 | D:2      | Reached XP level 4. HP: 33/33 MP: 4/4
  1561 | D:3      | Found a shimmering altar of Xom.
  1588 | D:3      | Reached XP level 5. HP: 37/37 MP: 5/5
  1649 | D:3      | Found a glowing drain.
  1691 | Sewer    | Entered a sewer
  1880 | Sewer    | Noticed a big kobold
  1954 | Sewer    | Killed a big kobold
  1954 | Sewer    | Reached XP level 6. HP: 35/43 MP: 6/6
  2117 | Sewer    | Found a white marble altar of Elyvilon.
  2661 | D:4      | Found a sand-covered staircase.
  2677 | D:4      | Reached XP level 7. HP: 47/47 MP: 7/7
  2682 | Ossuary  | Entered an ossuary
  2771 | Ossuary  | Reached skill level 5 in Shields
  2944 | Ossuary  | Reached skill level 5 in Armour
  3146 | D:4      | Reached XP level 8. HP: 38/53 MP: 8/8
  3166 | D:4      | Reached skill level 5 in Polearms
  3357 | D:4      | Found a white marble altar of Elyvilon.
  3825 | D:4      | Found a staircase to the Ecumenical Temple.
  3836 | Temple   | Entered the Ecumenical Temple
  3887 | Temple   | Became a worshipper of the Shining One
  4026 | D:5      | Entered Level 5 of the Dungeon
  4026 | D:5      | Noticed Dowan
  4034 | D:5      | Noticed Duvessa
  4055 | D:5      | Killed Duvessa
  4086 | D:5      | Killed Dowan
  4086 | D:5      | Reached skill level 6 in Shields
  4345 | D:5      | Found a glowing silver altar of Zin.
  4370 | D:5      | Gained mutation: Your mind is acute. (Int +2) [potion of mutation]
  4370 | D:5      | Gained mutation: Your spells are a little harder to cast, but a little more powerful. [potion of mutation]
  4370 | D:5      | Gained mutation: Your spells are harder to cast, but more powerful. [potion of mutation]
  4371 | D:5      | Gained mutation: You are resistant to electric shocks. [potion of beneficial mutation]
  4372 | D:5      | Gained mutation: Your spells are much harder to cast, but much more powerful. [potion of beneficial mutation]
  4526 | D:5      | Reached XP level 9. HP: 53/53 MP: 9/9
  4539 | D:5      | Reached skill level 5 in Fighting
  5458 | D:6      | Upgraded the game from 0.14-a0-1844-g8283a67 to 0.14-a0-1863-gcc20582
  5576 | D:6      | Reached skill level 7 in Polearms
  6704 | D:7      | Found a burning altar of Makhleb.
  6748 | D:7      | Noticed Joseph
  6748 | D:7      | Acquired the Shining One's first power
  6776 | D:7      | Killed Joseph
  6776 | D:7      | Reached skill level 8 in Polearms
  6776 | D:7      | Reached XP level 10. HP: 32/65 MP: 10/10
  7066 | D:7      | Noticed a spriggan baker
  7079 | D:7      | Killed a spriggan baker
  7621 | D:7      | Reached skill level 9 in Polearms
  8113 | D:8      | Found a staircase to the Lair.
  8114 | D:8      | Noticed an elephant
  8136 | D:8      | Killed an elephant
  8252 | D:8      | Reached XP level 11. HP: 66/72 MP: 12/12
  8798 | D:8      | Reached skill level 10 in Polearms
  8988 | D:9      | Acquired the Shining One's second power
  9079 | D:9      | Noticed Pikel
  9090 | D:9      | Killed Pikel
  9091 | D:9      | Noticed Maurice
  9158 | D:9      | Reached skill level 5 in Invocations
  9176 | D:9      | Killed Maurice
  9502 | D:9      | Found Skafihai's Antique Weapon Emporium.
  9945 | D:10     | Entered Level 10 of the Dungeon
 10136 | D:10     | Found a staircase to the Orcish Mines.
 10214 | D:10     | Reached XP level 12. HP: 47/77 MP: 23/23
 10487 | D:10     | Got a heavily runed buckler
 10502 | D:10     | Identified the cursed +0 buckler "Cruvvioh" {Int-3} (You found it on level 10 of the Dungeon)
 10598 | D:10     | Found Ralelun's Antique Armour Emporium.
 10974 | D:11     | Reached skill level 10 in Invocations
 11417 | D:11     | Noticed Nessos
 11440 | D:11     | Shot with a poisoned arrow of flame by Nessos

Action                   |  1- 3 |  4- 6 |  7- 9 | 10-12 || total
-------------------------+-------+-------+-------+-------++-------
Melee: Trident           |    89 |   338 |   705 |   937 ||  2069
Invok: Divine Shield     |       |       |       |     3 ||     3
 Abil: Dig               |       |       |       |    10 ||    10
Evoke: Wand              |       |       |     1 |       ||     1
  Use: Scroll            |       |     2 |    14 |     2 ||    18
       Potion            |       |     1 |    11 |    10 ||    22
